 Dungeon Crawl Stone Soup version 0.21.1-1-g345015f (webtiles) character file.

35 inc the Vexing (level 3, 14/14 HPs)
             Began as a Felid Enchanter on Mar 15, 2018.
             Quit the game on level 2 of the Dungeon.
             The game lasted 00:03:45 (1753 turns).

inc the Vexing (Felid Enchanter)                    Turns: 1753, Time: 00:03:45

Health: 14/14      AC:  1    Str:  4    XL:     3   Next: 16%
Magic:  7/7        EV: 18    Int: 17    God:
Gold:   123        SH:  0    Dex: 16    Spells: 3/6 levels left
                                        Lives:  0   Deaths: 1

rFire    . . .     SeeInvis +     - Unarmed
rCold    . . .     Gourm    .   (shield unavailable)
rNeg     . . .     Faith    .   (armour unavailable)
rPois    .         Spirit   .   (helmet unavailable)
rElec    .         Reflect  .   (cloak unavailable)
rCorr    .         Harm     .   (gloves unavailable)
MR       .....                  (boots unavailable)
Stlth    +++.......             d - amulet of rage
HPRegen  0.04/turn              (no ring)
MPRegen  0.10/turn              (no ring)

@: quick
A: very small, no armour, no weapons or thrown items, stealth, claws 1, fangs 3,
see invisible, carnivore, speed 1, shaggy fur 1, slow metabolism 1, sharp paws
a: Evoke Berserk Rage


You were on level 2 of the Dungeon.
You were not hungry.

You visited 1 branch of the dungeon, and saw 3 of its levels.

You collected 123 gold pieces.

Inventory:

Jewellery
 d - an amulet of rage (around neck)
Scrolls
 e - 2 scrolls of identify {unknown}
 f - a scroll of remove curse {unknown}
 i - a scroll of fog {unknown}
Potions
 c - a potion of heal wounds {unknown}
 g - a potion of lignification {unknown}
 h - a potion of invisibility {unknown}
Books
 a - a book of Maledictions

   Spells                             Type                      Level
   a - Corona                         Hexes                        1
   b - Ensorcelled Hibernation        Hexes/Ice                    2
   c - Confuse                        Hexes                        3
   d - Tukima's Dance                 Hexes                        3
   e - Dazzling Spray                 Conjuration/Hexes            3
Comestibles
 b - 6 rations


   Skills:
 - Level 2.6 Dodging
 - Level 4.0 Stealth
 - Level 4.1 Unarmed Combat
 - Level 2.0 Spellcasting
 + Level 4.4 Hexes
 + Level 0.0 Ice Magic


You had 3 spell levels left.
You knew the following spells:

 Your Spells              Type           Power        Failure   Level  Hunger
a - Corona                Hex            ###....      3%          1    #......
b - Ensorcelled Hibernat  Hex/Ice        #.....       12%         2    ###....


Dungeon Overview and Level Annotations

Branches:
Dungeon (3/15)

Altars:

Annotations:
D:2 Crazy Yiuf


Innate Abilities, Weirdness & Mutations

You cannot wear armour.
You are incapable of wielding weapons or throwing items.
Your paws allow you to move quietly. (Stealth)
You have sharp claws.
You have razor-sharp teeth.
You have supernaturally acute eyesight. (SInv)
You are carnivorous and can eat meat at any time.
You cover ground quickly.
You are covered in fur. (AC +1)
You have a slow metabolism.
Your sharp claws are effective at attacking unaware monsters.


Message History

Aiming: Ensorcelled Hibernation
Press: ? - help, Shift-Dir - straight line, f - Crazy Yiuf
Aim: Crazy Yiuf, wielding a quarterstaff of chaos and wearing a cloak (almost dead, chance to defeat MR: 50%) Crazy Yiuf resists with some effort.
Casting: Ensorcelled Hibernation
Confirm with . or Enter, or press ? or * to list all spells.
Aiming: Ensorcelled Hibernation
Press: ? - help, Shift-Dir - straight line, f/p - Crazy Yiuf
Aim: Crazy Yiuf, wielding a quarterstaff of chaos and wearing a cloak (almost dead, chance to defeat MR: 50%) Crazy Yiuf resists with some effort.
You are feeling hungry.
Crazy Yiuf laughs, "Lay hand spinner!"
Crazy Yiuf hits you with a quarterstaff of chaos!
You die...
Space bends around you.
You are now level 3!
You rejoin the land of the living...
Are you sure you want to abandon this character and quit the game? (Confirm with "yes".)
Okay, then.
Are you sure you want to abandon this character and quit the game? (Confirm with "yes".)

.>..............# #....### #.#
...(............###....# #.#
.....................#.# #.#
..................##.#.## #.#
.....#......(....#...#..# #.#
########.....#####.####.## #.#
##..###.......####).## #.#
##....######.#..†.....###.##
#####...........@########..##..##
.......#.......### ##..#....
######.#.......# #...(....
#..#.......# #........
#####.##.......# #........
......########## #........
####### #........ ####''####.
#≈≈≈..≈≈≈#.


There were no monsters in sight!

Vanquished Creatures
  3 adders (D:2)
  2 gnolls (D:3)
  An ooze (D:1)
  2 worms (D:2)
  A leopard gecko (D:2)
  A bat (D:2)
  4 hobgoblins
  2 kobolds
  3 ball pythons
  A frilled lizard (D:2)
  2 goblins
  4 rats
26 creatures vanquished.

Notes
Turn   | Place    | Note
-------+----------+-------------------------------------------
     0 | D:1      | inc the Felid Enchanter began the quest for the Orb.
     0 | D:1      | Reached XP level 1. HP: 7/7 MP: 4/4
   124 | D:1      | Reached XP level 2. HP: 6/11 MP: 4/6
   324 | D:2      | Learned a level 2 spell: Ensorcelled Hibernation
   723 | D:3      | Reached XP level 3. HP: 14/14 MP: 2/7
  1375 | D:2      | Reached XP level 4. HP: 18/18 MP: 3/8
  1731 | D:2      | Found a runed door.
  1735 | D:2      | Noticed Crazy Yiuf
  1751 | D:2      | Slain by Crazy Yiuf
  1752 | D:2      | Reached XP level 3. HP: -5/14 MP: 4/7
  1753 | D:2      | Quit the game

Skill      XL: |  1  2  3  4 |
---------------+-------------+-----
Unarmed Combat | 2 3 4 |  4.1
Dodging        | |  2.6
Stealth        | |  4.0
Spellcasting   | |  2.0
Hexes          | |  4.4

Action                   |  1- 3 |  4- 6 || total
-------------------------+-------+-------++-------
Melee: Unarmed           |    62 |     8 ||    70
       Bite              |     6 |     1 ||     7
       Punch             |     1 |       ||     1
 Cast: Corona            |     3 |       ||     3
       Ensorcelled Hiber |    21 |     7 ||    28
 Stab: Sleeping          |    20 |     2 ||    22
  Eat: Chunk             |     2 |       ||     2
Dodge: Dodged            |    44 |     6 ||    50
